 Dungeon Crawl Stone Soup version 0.21-a0-513-gdcb3f5e (webtiles) character file.

382 Gildeon the Cleaver (level 6, 0/51 HPs)
             Began as a Minotaur Fighter on Dec 1, 2017.
             Slain by an ogre
             ... wielding a +0 giant spiked club
              (27 damage)
             ... on level 5 of the Dungeon.
             The game lasted 00:15:54 (4182 turns).

Gildeon the Cleaver (Minotaur Fighter)              Turns: 4182, Time: 00:15:54

Health: 0/51       AC: 13    Str: 25    XL:     6   Next: 47%
Magic:  5/5        EV:  6    Int:  6    God:
Gold:   199        SH: 10    Dex: 11    Spells: 5/5 levels left

rFire    . . .     SeeInvis .   a - +0 war axe
rCold    . . .     Gourm    .   c - +0 shield
rNeg     . . .     Faith    .   e - +0 chain mail
rPois    .         Spirit   .   (helmet restricted)
rElec    .         Reflect  .   (no cloak)
rCorr    .         Harm     .   q - +0 pair of gloves
MR       .....                  j - +2 pair of boots
Stlth    ..........             (no amulet)
HPRegen  0.17/turn              (no ring)
MPRegen  0.09/turn              (no ring)

@: mighty
A: retaliatory headbutt, horns 2
a: no special abilities


You were on level 5 of the Dungeon.
You were not hungry.

You visited 1 branch of the dungeon, and saw 5 of its levels.

You collected 199 gold pieces.

Inventory:

Hand Weapons
 a - a +0 war axe (weapon)
Missiles
 o - 2 tomahawks (quivered)
 p - a throwing net
Armour
 c - a +0 shield (worn)
 e - a +0 chain mail (worn)
 j - a +2 pair of boots (worn)
 q - a +0 pair of gloves (worn)
Wands
 b - a wand of disintegration (13)
 u - a wand of random effects (30)
Scrolls
 g - a scroll of blinking
 k - 5 scrolls of remove curse
Potions
 h - a potion of resistance
 l - a potion of flight
 m - a potion of heal wounds
 n - 2 potions of ambrosia
 v - a potion of curing {unknown}
 x - a potion of brilliance {unknown}
 z - a potion of magic {unknown}
Books
 r - a book of Callings

   Spells                             Type                      Level
   a - Summon Small Mammal            Summoning                    1
   b - Call Imp                       Summoning                    2
   c - Call Canine Familiar           Summoning                    3
   d - Summon Guardian Golem          Hexes/Summoning              3
   e - Summon Lightning Spire         Summoning/Air                4
   f - Summon Ice Beast               Ice/Summoning                4
 s - a book of Misfortune

   Spells                             Type                      Level
   a - Confusing Touch                Hexes                        1
   b - Confuse                        Hexes                        3
   c - Gell's Gravitas                Translocation                3
   d - Petrify                        Transmutation/Earth          4
   e - Metabolic Englaciation         Hexes/Ice                    5
   f - Yara's Violent Unravelling     Hexes/Transmutation          5
 y - a book of Cantrips

   Spells                             Type                      Level
   a - Confusing Touch                Hexes                        1
   b - Animate Skeleton               Necromancy                   1
   c - Summon Small Mammal            Summoning                    1
   d - Apportation                    Translocation                1
Comestibles
 i - 3 meat rations
 t - a bread ration
 w - 2 royal jellies


   Skills:
 - Level 3.6 Fighting
 + Level 8.4 Axes
 - Level 3.6 Armour
 - Level 3.6 Shields


You had 5 spell levels left.
You didn't know any spells.

Dungeon Overview and Level Annotations

Branches:
Dungeon (5/15)
 Temple: D:4-7

Altars:
Ashenzari
Cheibriados
Dithmenos
Nemelex Xobeh
Qazlal
Ru
Vehumet
Wu Jian
Xom


Innate Abilities, Weirdness & Mutations

You reflexively headbutt those who attack you in melee.
You have a pair of horns on your head.


Message History

The hound bites you but does no damage.
You feel very mighty all of a sudden. You block the hound's attack.
The giant cockroach bites you but does no damage.
The hound bites you but does no damage.
The giant cockroach completely misses you.
You barely miss the ogre. You headbutt the ogre!!
The ogre is severely wounded.
You slash the hound!
You kill the hound!
You hit the giant cockroach. You block the giant cockroach's attack.
The ogre hits you with a giant spiked club!!
Your shield and chain mail prevent you from hitting the ogre.
Your headbutt misses the ogre.
The ogre is severely wounded.
You hit the giant cockroach.
You kill the giant cockroach!
The ogre hits you with a giant spiked club!!
Ouch! That really hurt!
You die...

##...## ##.........
##.....#####.........#
#.....<.##.........#.#
#..........##<..#....#
#........######.......
##.....#######..##....
#............#........
#.......####....#.(..#
#.......#.....@(...# .
##.....##.#####O...#
##...### ....... #####
...#### ..## .## .# .#


You could see an ogre.

Vanquished Creatures
  A centaur zombie (D:5)
  A hound (D:5)
  A worker ant (D:4)
  Robin (D:4)
  10 gnolls
  5 adders
  An ooze (D:1)
  2 worms
  5 dart slugs
  5 leopard geckos
  An orc (D:4)
  14 bats
  5 giant cockroaches
  18 goblins
  18 hobgoblins
  5 jackals (D:4)
  8 kobolds
  3 quokkas
  2 ball pythons (D:3)
  5 frilled lizards
  13 rats
124 creatures vanquished.

Notes
Turn   | Place    | Note
-------+----------+-------------------------------------------
     0 | D:1      | Gildeon the Minotaur Fighter began the quest for the Orb.
     0 | D:1      | Reached XP level 1. HP: 19/19 MP: 0/0
    71 | D:1      | Reached skill level 3 in Axes
    97 | D:1      | Reached XP level 2. HP: 26/26 MP: 1/1
   178 | D:1      | Reached skill level 4 in Axes
   290 | D:1      | Reached XP level 3. HP: 25/31 MP: 2/2
   957 | D:1      | Reached skill level 5 in Axes
  1199 | D:2      | Reached XP level 4. HP: 21/39 MP: 3/3
  1554 | D:2      | Reached skill level 6 in Axes
  1626 | D:2      | You fall through a shaft!
  1917 | D:2      | Found a sparkling altar of Nemelex Xobeh.
  1923 | D:2      | Found a shattered altar of Ashenzari.
  1923 | D:2      | Found an ornate altar of the Wu Jian Council.
  1928 | D:2      | Found a sacrificial altar of Ru.
  2168 | D:2      | Reached XP level 5. HP: 45/45 MP: 4/4
  2646 | D:3      | Found a shimmering altar of Xom.
  3080 | D:3      | Reached skill level 7 in Axes
  3095 | D:3      | Found a shadowy altar of Dithmenos.
  3177 | D:3      | Found a radiant altar of Vehumet.
  3181 | D:3      | Found a snail-covered altar of Cheibriados.
  3394 | D:4      | Found a stormy altar of Qazlal.
  3650 | D:4      | Reached XP level 6. HP: 51/51 MP: 5/5
  3795 | D:4      | Noticed Robin
  3810 | D:4      | Killed Robin
  3810 | D:4      | Reached skill level 8 in Axes
  4142 | D:5      | Entered Level 5 of the Dungeon
  4182 | D:5      | Slain by an ogre

Vault maps used:
D:1:      elethiomel_arrival_diamonds, minmay_stone_trees_large,
          minmay_crystal_room
D:2:      minitemple
D:3:      lemuel_crystal_altar, minmay_overflow_temple_star_quad, first_bread,
          kennysheep_generic_room_16
D:4:      kennysheep_goblin_castle, grunt_qazlal_sundering
D:5:      xom_redecorated

Skill      XL: |  1  2  3  4  5  6 |
---------------+-------------------+-----
Axes           | 3 4 5 6 7 8 |  8.4
Fighting       | |  3.6
Armour         | |  3.6
Shields        | |  3.6

Action                   |  1- 3 |  4- 6 || total
-------------------------+-------+-------++-------
Melee: War axe           |    96 |   216 ||   312
       Headbutt          |    14 |    34 ||    48
Throw: Tomahawk          |       |     2 ||     2
  Use: Scroll            |     5 |     7 ||    12
       Potion            |       |     1 ||     1
  Eat: Chunk             |     1 |     5 ||     6
       Bread ration      |       |     1 ||     1
Armor: Scale mail        |    30 |       ||    30
       Chain mail        |    49 |   128 ||   177
Dodge: Dodged            |    21 |    63 ||    84
Block: Shield            |    51 |   129 ||   180

Table legend:
 A = Spawn XP
 B = Non-spawn XP
 C = Spawn XP percentage of total XP
 D = Spawn monster count
 E = Non-spawn monster count
 F = Spawn count percentage of total count
 G = Total turns spent on level
                    A         B        C        D         E        F      G
               +---------+---------+-------+---------+---------+-------+---------
         Total |       0 |     547 |   0.0 |       0 |     124 |   0.0 |  4182
               +---------+---------+-------+---------+---------+-------+---------
           D:1 |       0 |      84 |   0.0 |       0 |      36 |   0.0 |  1186
           D:2 |       0 |     105 |   0.0 |       0 |      26 |   0.0 |  1168
           D:3 |       0 |     125 |   0.0 |       0 |      30 |   0.0 |   880
           D:4 |       0 |     143 |   0.0 |       0 |      29 |   0.0 |   908
           D:5 |       0 |      90 |   0.0 |       0 |       3 |   0.0 |    40
               +---------+---------+-------+---------+---------+-------+---------
